 Dungeon Crawl Stone Soup version 0.30.0-5-g1a98f26d00 (webtiles) character file.

Game seed: 3749651438552180626

3017 Irreverend the Grappler (level 9, -2/89 HPs)
             Began as a Troll Fighter on May 8, 2023.
             Was a Priest of Wu Jian.
             Killed by divine providence
             ... invoked by an orc priest
              (15 damage)
             ... on level 7 of the Dungeon on May 9, 2023.
             The game lasted 00:11:30 (5227 turns).

Irreverend the Grappler (Troll Fighter)             Turns: 5227, Time: 00:11:30

Health: -2/89      AC:  4    Str: 26    XL:     9   Next: 55%
Magic:  8/8        EV:  9    Int: 14    God:    Wu Jian [***...]
Gold:   568        SH: 14    Dex:  9    Spells: 8/8 levels left

rFire   . .          .
                       - Unarmed
rCold   . . .        b - +0 kite shield
rNeg    . . .        a - +0 robe
rPois   .            (helmet restricted)
rElec   .            (no cloak)
rCorr   .            (gloves unavailable)
SInv    .            (boots unavailable)
Will    .....        g - amulet of reflection
Stlth   +            v - +6 ring of intelligence
HPRegen 1.14/turn    (no ring)
MPRegen 0.11/turn

%: reflection
@: no status effects
A: large, unfitting armour, claws 3, regeneration 1, shaggy fur 1, tough skin 1
a: Renounce Religion, Wall Jump, Serpent's Lash


You were on level 7 of the Dungeon.
You worshipped Wu Jian.
Wu Jian was most pleased with you.
You visited 1 branch of the dungeon, and saw 7 of its levels.
You also visited: Ossuary.

You collected 568 gold pieces.

Inventory:

Armour
 a - a +0 robe (worn)
 b - a +0 kite shield (worn)
 q - an orb of energy
Jewellery
 g - an amulet of reflection (around neck)
 v - a +6 ring of intelligence (left claw)
 w - an amulet of faith
Wands
 r - a wand of roots (2)
 y - a wand of charming (10)
Scrolls
 c - a scroll of enchant armour {unknown}
 d - a scroll of vulnerability {unknown}
 e - a scroll of torment {unknown}
 h - a scroll of enchant weapon {unknown}
 i - 5 scrolls of teleportation {unknown}
 j - a scroll of magic mapping {unknown}
 k - 2 scrolls of fog {unknown}
 m - 6 scrolls of identify {unknown}
 n - 2 scrolls of immolation {unknown}
 x - a scroll of fear {unknown}
Potions
 f - 7 potions of curing
 l - a potion of attraction {unknown}
 o - 4 potions of heal wounds {unknown}
 p - 2 potions of lignification {unknown}
 s - 3 potions of degeneration {unknown}
 t - 2 potions of ambrosia {unknown}
 u - a potion of resistance {unknown}


   Skills:
 + Level 6.0 Fighting
 + Level 3.3 Dodging
 + Level 6.5 Shields
 * Level 9.5 Unarmed Combat


You had 8 spell levels left.
You didn't know any spells.
Your spell library contained the following spells:

 Spells                   Type           Power      Damage    Failure   Level
 Beastly Appendage        Tmut           0%         N/A       47%         1
 Slow                     Hex            0%         N/A       47%         1
 Wereblood                Tmut           0%         N/A       63%         2
 Call Canine Familiar     Summ           0%         N/A       85%         3
 Confusing Touch          Hex            0%         N/A       85%         3
 Portal Projectile        Hex/Tloc       0%         N/A       85%         3
 Spider Form              Tmut/Pois      0%         N/A       85%         3
 Vampiric Draining        Necr           0%         2d6       85%         3
 Leda's Liquefaction      Hex/Erth       0%         N/A       99%         4
 Malign Gateway           Summ/Tloc      0%         N/A       100%        7
 Spellforged Servitor     Conj/Summ      0%         N/A       100%        7


Dungeon Overview and Level Annotations

Branches:
Dungeon (7/15)             Temple (0/1) D:5         Ossuary (visited)

Altars:
Elyvilon
Nemelex Xobeh
Okawaru
Sif Muna
Wu Jian

Shops:
D:1 (   D:3 [

Annotations:
D:3 2 transporters


Innate Abilities, Weirdness & Mutations

You are too large for most types of armour.
You have claws for hands.
Your natural rate of healing is unusually fast.
You are covered in fur. (AC +1)
You have tough skin. (AC +1)


Message History

The Council accepts your kill.
The orc priest mumbles some strange prayers to Beogh against you.
Beogh smites you!
Found a runed opal ring.
You lunge at the orc warrior.
You closely miss the orc warrior.
The orc priest looks braver for a moment.
The orc warrior completely misses you.
Things that are here:
a +0 club; an orc corpse You barely miss the orc warrior.
The orc priest invokes the aid of Beogh against you.
Beogh smites you! You block the orc warrior's attack.
You claw the orc warrior!
The orc warrior is heavily wounded.
A white imp comes into view.
An orc comes into view. It is wielding a +0 mace.
The orc warrior hits you with a +0 long sword!
You barely miss the orc warrior.
The orc warrior is heavily wounded.
The orc priest mumbles some strange prayers to Beogh against you.
Beogh smites you!
An orc comes into view. It is wielding a +0 falchion.
The orc warrior hits you with a +0 long sword.
The orc shouts!
You barely miss the orc warrior.
The orc warrior is heavily wounded.
The orc priest calls upon Beogh to heal the orc warrior.
The orc warrior is healed somewhat.
You block the orc warrior's attack.
You closely miss the orc warrior.
The orc warrior is moderately wounded.
The orc priest invokes the aid of Beogh against you.
Beogh smites you!
* * * LOW HITPOINT WARNING * * *
You block the orc warrior's attack.
The orc warrior attacks as you move away!
The orc warrior hits you with a +0 long sword!
* * * LOW HITPOINT WARNING * * *
The orc priest invokes the aid of Beogh against you.
Beogh smites you!
You die...

...#........###
.†.....####...###### ##
...................##.##
.........#####..##.....##
.........## ##.# .......
..........#####.##....?..
.........................
....>.....#####....).....
.......>..# #.@#.......
..........# #.().....#
.......... ##.oo..###
..#######. ....o5## ##
..#.##....o# .. ...##...
#. ....# .... . ##.##
#... #= #..


You could see an orc warrior, an orc priest, a white imp and 2 orcs.

Vanquished Creatures
  2 water moccasins
  Duvessa (D:5)
  2 sky beasts
  3 black bears
  2 orc warriors (D:5)
  2 ice beasts (D:6)
  4 ogres
  A centaur (D:6)
  A phantom (D:5)
  An elf zombie (Ossuary)
  Blork the orc (D:5)
  A gnoll sergeant (D:5)
  2 scorpions
  5 wights
  Dowan (D:5)
  2 howler monkeys (D:7)
  2 centaur zombies (Ossuary)
  A hound (D:4)
  3 orc priests
  3 iguanas (D:5)
  6 orc wizards (D:6)
  A sleepcap (D:4)
  2 mummies (Ossuary)
  4 gnolls (D:5)
  7 adders
  A white imp (D:6)
  4 ufetubi
  A worm (D:4)
  A dart slug (D:2)
  13 orcs
  7 endoplasms
  6 goblins
  5 hobgoblins
  3 jackals (D:1)
  10 kobolds
  4 quokkas
  6 ball pythons
  12 bats
  6 frilled lizards
  4 goblin zombies (Ossuary)
  4 hobgoblin zombies (Ossuary)
  3 orc zombies (Ossuary)
  5 rats
155 creatures vanquished.

Notes
Turn   | Place    | Note
-------+----------+-------------------------------------------
     0 | D:1      | Irreverend the Troll Fighter began the quest for the Orb.
     0 | D:1      | Reached XP level 1. HP: 22/22 MP: 0/0
   187 | D:1      | Reached XP level 2. HP: 28/29 MP: 1/1
   486 | D:1      | Found Gaom's Weapon Emporium.
   787 | D:2      | Reached XP level 3. HP: 36/36 MP: 2/2
   828 | D:2      | Found a faded altar of an unknown god.
   844 | D:2      | Reached skill level 3 in Unarmed Combat
  1641 | D:3      | Found a transporter.
  1679 | D:3      | Found Junken's Antique Armour Shoppe.
  1716 | D:3      | Found a transporter.
  1796 | D:3      | Reached XP level 4. HP: 44/44 MP: 3/3
  1808 | D:3      | Found a shimmering blue altar of Sif Muna.
  1898 | D:3      | Found an iron altar of Okawaru.
  1922 | D:3      | Found an ornate altar of the Wu Jian Council.
  1931 | D:3      | Became a worshipper of the Wu Jian Council
  2183 | D:3      | Found a white marble altar of Elyvilon.
  2206 | D:3      | Found a sparkling altar of Nemelex Xobeh.
  2394 | D:4      | Reached skill level 4 in Unarmed Combat
  2397 | D:4      | Reached XP level 5. HP: 38/53 MP: 4/4
  2785 | D:4      | Noticed an ogre
  2789 | D:4      | Killed an ogre
  2790 | D:4      | Reached XP level 6. HP: 61/61 MP: 5/5
  2918 | D:4      | Reached skill level 5 in Unarmed Combat
  2936 | D:4      | Reached * piety under Wu Jian
  3019 | D:4      | Reached XP level 7. HP: 64/68 MP: 6/6
  3367 | D:5      | Entered Level 5 of the Dungeon
  3367 | D:5      | Noticed Blork the orc
  3519 | D:5      | Noticed Dowan
  3528 | D:5      | Reached skill level 6 in Unarmed Combat
  3549 | D:5      | Killed Dowan
  3675 | D:5      | Killed Blork the orc
  3754 | D:5      | Noticed Duvessa
  3763 | D:5      | Killed Duvessa
  3764 | D:5      | Reached XP level 8. HP: 23/79 MP: 7/7
  3770 | D:5      | Reached skill level 5 in Shields
  3770 | D:5      | Reached skill level 7 in Unarmed Combat
  4044 | D:5      | Reached ** piety under Wu Jian
  4045 | D:5      | Reached skill level 5 in Fighting
  4177 | D:5      | Found a staircase to the Ecumenical Temple.
  4279 | D:6      | Reached skill level 8 in Unarmed Combat
  4495 | D:6      | Reached XP level 9. HP: 45/88 MP: 8/8
  4554 | D:6      | Got Miekk's Excursus on the Congregation
  4641 | D:6      | Reached skill level 9 in Unarmed Combat
  4698 | D:6      | Found a sand-covered staircase.
  4705 | Ossuary  | Entered an ossuary
  4799 | Ossuary  | Reached *** piety under Wu Jian
  5227 | D:7      | Killed from afar by an orc priest

Illustrated notes

Levels and vault maps discovered:
D:1:      erik_arrival_triangle_medium, layout_basic, serial_shops, shop_statue,
          corexii_leaking_fountain, chequers_serial_rivers_marsh
D:2:      layout_basic, chequers_ecumenical_altar_simple, skrybe_limestone_x,
          serial_park_tiny_2
D:3:      gammafunk_wand_slinger, layout_loops_ring,
          mainiacjoe_overflow_tiny_flanked, nicolae_overflow_quartered_altars,
          serial_shops, shop, serial_bayou_pond_d, amcnicky_mini_pool_small
D:4:      minmay_bubble_buster, layout_loops_corners
D:5:      layout_cave_pools, temple_hall, sword_in_stone, uniq_duvessa
D:6:      layout_rooms, enter_ossuary_1, st_stairs_9
D:7:      layout_rooms, nicolae_titane, uniq_crazy_yiuf_cottage, uniq_joseph

Skill      XL: |  1  2  3  4  5  6  7  8  9 |
---------------+----------------------------+-----
Shields        | 3 4 6 |  6.5
Unarmed Combat | 3 4 5 6 8 9 |  9.5
Fighting       | 3 4 5 6 |  6.0
Dodging        | 3 |  3.3

Action                     |  1- 3 |  4- 6 |  7- 9 || total
---------------------------+-------+-------+-------++-------
  Melee: Unarmed           |   127 |   104 |   266 ||   497
Ability: Lunge             |       |    10 |    26 ||    36
         Whirlwind         |       |       |    31 ||    31
    Use: Potion            |       |     1 |     1 ||     2
   Stab: Sleeping          |     1 |     1 |       ||     2
 Armour: Robe              |    38 |    15 |    35 ||    88
  Dodge: Dodged            |    30 |    24 |    63 ||   117
  Block: Kite shield       |    53 |    61 |   122 ||   236
         Reflection        |     4 |     2 |     3 ||     9
